 Dungeon Crawl Stone Soup version 0.28-a0-381-g937acc2988 (webtiles) character file.

Game seed: 16440001739992161625

461 SkeletonJelly the Cutter (level 6, -6/36 HPs)
             Began as a Vampire Chaos Knight on Sept 1, 2021.
             Was a Plaything of Xom.
             Mangled by a gnoll (21 damage)
             ... on level 4 of the Dungeon.
             The game lasted 00:07:26 (3793 turns).

SkeletonJelly the Cutter (Vampire Chaos Knight)     Turns: 3793, Time: 00:07:27

Health: -6/36      AC:  6    Str: 11    XL:     6   Next: 79%
Magic:  6/6        EV: 12    Int: 14    God:    Xom [.*....]
Gold:   71         SH:  0    Dex: 16    Spells: 5/5 levels left

rFire   . . .      SeeInvis +   a - +0 short sword (chaos)
rCold   + + .      Faith    .   (no shield)
rNeg    + + +      Spirit   .   b - +2 leather armour
rPois   ∞          Reflect  .   (no helmet)
rElec   .          Harm     .   (no cloak)
rCorr   .          Rampage  .   n - +0 pair of gloves
Will    .....                   (no boots)
Stlth   +++++.....              s - amulet of regeneration
HPRegen 0.00/turn               (no ring)
MPRegen 0.10/turn               (no ring)

@: bloodless, inhibited regen
A: bloodless, fangs 3, see invisible, vampiric 2
a: Bat Form, Revivify, Renounce Religion


You were on level 4 of the Dungeon.
You worshipped Xom.
You were a plaything of Xom.
You visited 1 branch of the dungeon, and saw 4 of its levels.

You collected 71 gold pieces.

Inventory:

Hand Weapons
 a - a +0 short sword of chaos (weapon)
 i - a +3 short sword of electrocution
Missiles
 h - a boomerang
 u - 6 atropa-tipped darts (quivered)
Armour
 b - a +2 leather armour (worn)
 n - a +0 pair of gloves (worn)
Magical Staves
 g - a staff of conjuration
Jewellery
 s - an amulet of regeneration (around neck)
Scrolls
 c - 4 scrolls of identify {unknown}
 d - 4 scrolls of noise {unknown}
 j - 2 scrolls of holy word {unknown}
 k - 2 scrolls of teleportation {unknown}
 m - a scroll of vulnerability {unknown}
 o - a scroll of fear {unknown}
 q - a scroll of fog {unknown}
 r - a scroll of magic mapping {unknown}
Potions
 e - a potion of mutation {unknown}
 f - a potion of cancellation {unknown}
 l - a potion of curing {unknown}
 p - a potion of haste {unknown}
 t - a potion of flight {unknown}


   Skills:
 - Level 2.6 Fighting
 * Level 7.2 Short Blades
 - Level 0.7 Armour
 - Level 2.1 Dodging
 + Level 6.2 Stealth


You had 5 spell levels left.
You didn't know any spells.
Your spell library contained the following spells:

 Spells                   Type           Power      Damage    Failure   Level
 Foxfire                  Conj/Fire      0%         2x1d4     36%         1
 Sting                    Tmut/Pois      0%         1d3       36%         1
 Ensorcelled Hibernation  Hex/Ice        0%         N/A       50%         2
 Poisonous Vapours        Pois/Air       0%         N/A       50%         2
 Conjure Flame            Conj/Fire      0%         6-21      75%         3
 Ignite Poison            Fire/Tmut/Pois 0%         N/A       75%         3
 Inner Flame              Hex/Fire       0%         N/A       75%         3
 Mephitic Cloud           Conj/Pois/Air  0%         N/A       75%         3
 Spider Form              Tmut/Pois      0%         N/A       75%         3
 Olgreb's Toxic Radiance  Pois           0%         N/A       98%         4
 Bolt of Magma            Conj/Fire/Erth 0%         4d4       100%        5


Dungeon Overview and Level Annotations

Branches:
Dungeon (4/15)
 Temple: D:4-7

Altars:
Ashenzari
Cheibriados
Xom


Innate Abilities, Weirdness & Mutations

You do not regenerate when monsters are visible.
You are frail without blood (-20% HP).
You can heal yourself when you bite living creatures.
You are immune to poison.
You have razor-sharp teeth.
You have supernaturally acute eyesight. (SInv)
You are afflicted with vampirism and can become a bat while bloodless.


Message History

You climb downwards.
There is a stone staircase leading up here.
An adder comes into view.
No target in view!
No target in view!
No target in view!
No target in view!
No target in view!
The adder hisses angrily.
The adder misses you.
You hit the adder.
The adder seems to speed up.
Xom is highly amused!
Your bite misses the adder.
The adder is heavily wounded.
The adder bites you but does no damage. The adder closely misses you.
You hit the adder.
You kill the adder!
No target in view!
No target in view!
No target in view!
No target in view!
You open the door.
There is an open door here.
Key pressed, stopping explore.
You open the door.
Found 31 bolts.
There is an open door here.
A gnoll comes into view. It is wielding a +0 club.
The gnoll shouts!
A gnoll comes into view. It is wielding a +3 flail.
There are monsters nearby!
There are monsters nearby!
A gnoll comes into view. It is wielding a +0 flail.
Found a stone staircase leading down.
The gnoll hits you with a +0 club.
You take 1 damage, and have 35/36 hp.
There is an open door here.
You hit the gnoll.
The gnoll seems to slow down.
The gnoll is moderately wounded.
You hit the gnoll.
The gnoll is severely wounded.
The gnoll hits you with a +0 club!
You emit a cloud of colourful smoke!
You take 7 damage, and have 28/36 hp.
You hit the gnoll but do no damage.
The gnoll seems to speed up.
The gnoll is severely wounded.
The gnoll hits you with a +0 club!
You take 7 damage, and have 21/36 hp.
You closely miss the gnoll.
The gnoll is severely wounded.
You hit the gnoll. You burn the gnoll.
The gnoll is almost dead.
The gnoll hits you with a +0 club.
You take 3 damage, and have 18/36 hp.
You are too injured to fight recklessly!
You are too injured to fight recklessly!
You are too injured to fight recklessly!
You are too injured to fight recklessly!
You barely miss the gnoll.
The gnoll is almost dead.
The gnoll is no longer moving slowly.
The gnoll misses you.
You hit the gnoll. You freeze the gnoll.
You kill the gnoll!
Throw: 8 darts (atropa)
Press: ? - help, Q - select action, (/) - cycle Shift-Dir - straight line, f - gnoll
Aim: a gnoll, wielding a +0 flail (magical condensation, 64% to hit, chance to blind on hit: 100%)
You throw an atropa-tipped dart. The atropa-tipped dart hits the gnoll.
The gnoll appears confused.
The gnoll shouts!
You hit the gnoll. You burn the gnoll.
The gnoll is moderately wounded.
The gnoll seems less confused.
You hit the gnoll but do no damage.
The gnoll is moderately wounded.
The gnoll misses you.
You hit the gnoll.
The gnoll is poisoned.
The gnoll is severely wounded.
The gnoll hits you with a +0 flail.
You take 3 damage, and have 15/36 hp.
You hit the gnoll but do no damage.
The gnoll seems to speed up.
Xom is highly amused!
The gnoll is severely wounded.
The gnoll misses you.
You hit the gnoll.
The gnoll suddenly seems more agile.
The gnoll is almost dead.
The gnoll misses you.
You hit the gnoll.
You kill the gnoll!
Throw: 7 darts (atropa)
Press: ? - help, Q - select action, (/) - cycle Shift-Dir - straight line, f - gnoll
Aim: a gnoll, wielding a +3 flail (64% to hit, chance to blind on hit: 100%)
You throw an atropa-tipped dart. The atropa-tipped dart hits the gnoll.
The gnoll appears confused.
You hit the gnoll.
The gnoll goes berserk!
Xom thinks this is hilarious!
The gnoll is moderately wounded.
The gnoll seems less confused.
The gnoll hits you but does no damage. The gnoll hits you with a +3 flail!!
Ouch! That really hurt!
You die...

......#....##......##
....................#
......#....##.......#
##...##....###.####.## ###
.###.##....# #.# #... ...
...#.##....# #.# ..##.###
.#.#.##....###.### #......
.#.#.##....##...§###.(#.##
.#.#.##....##...@g(.....$#
##.#.##....##...§####.#......
##.#.########..§.# #...##g..
......<# #....# ##..# .
##.#.### #....# .>.+ ##.#.#
#....# #### ##.#.# #....#
...#.. ...... ####..


You could see a gnoll (berserk, blind).

Vanquished Creatures
  Sigmund (D:2)
  Terence (D:2)
  An iguana (D:3)
  Natasha (thrice) (D:2)
  A mummy (D:3)
  2 gnolls (D:4)
  8 adders
  2 worms
  6 dart slugs
  2 endoplasms
  9 goblins
  4 hobgoblins
  4 jackals (D:1)
  3 quokkas
  6 ball pythons
  5 bats
  3 kobolds
  7 rats (D:1)
68 creatures vanquished.

Vanquished Creatures (others)
  3 fungi (D:3)
3 creatures vanquished.

Grand Total: 71 creatures vanquished

Notes
Turn   | Place    | Note
-------+----------+-------------------------------------------
     0 | D:1      | SkeletonJelly the Vampire Chaos Knight began the quest for
                  | the Orb.
     0 | D:1      | Reached XP level 1. HP: 17/17 MP: 1/1
    25 | D:1      | XOM: silly message
    26 | D:1      | XOM: potion effect (might)
    48 | D:1      | Reached skill level 1 in Stealth
    52 | D:1      | Reached XP level 2. HP: 18/23 MP: 2/2
   127 | D:1      | Reached skill level 4 in Short Blades
   361 | D:1      | XOM: divination: detect creatures
   379 | D:1      | XOM: silly message
   487 | D:1      | Gained mutation: You are afflicted with vampirism and can
                  | become a bat while bloodless. [Vampire growth]
   487 | D:1      | Reached XP level 3. HP: 22/22 MP: 3/3
   590 | D:1      | XOM: 11-stop teleportation journey
   844 | D:1      | XOM: silly message
  1001 | D:1      | XOM: divination: magic mapping
  1136 | D:2      | Noticed Sigmund
  1145 | D:2      | Killed Sigmund
  1146 | D:2      | Reached skill level 5 in Short Blades
  1146 | D:2      | Reached XP level 4. HP: 22/27 MP: 4/4
  1146 | D:2      | Reached XP level 5. HP: 25/31 MP: 5/5
  1214 | D:2      | XOM: silly message
  1273 | D:2      | Reached skill level 6 in Short Blades
  1280 | D:2      | Noticed Terence
  1287 | D:2      | XOM: silly message
  1297 | D:2      | Killed Terence
  1590 | D:2      | Noticed Natasha
  1597 | D:2      | Killed Natasha
  1598 | D:2      | Reached skill level 5 in Stealth
  1774 | D:2      | Noticed Natasha
  1777 | D:2      | XOM: silly message
  1778 | D:2      | Killed Natasha
  1779 | D:2      | Reached XP level 6. HP: 36/36 MP: 6/6
  1795 | D:2      | XOM: divination: detect items
  1820 | D:2      | Found a shimmering altar of Xom.
  1918 | D:2      | XOM: divination: detect creatures
  2138 | D:2      | XOM: silly message
  2176 | D:2      | Found a faded altar of an unknown god.
  2572 | D:2      | Found a faded altar of an unknown god.
  2741 | D:2      | Noticed Natasha
  2753 | D:2      | Killed Natasha
  2890 | D:2      | XOM: divination: magic mapping
  3026 | D:3      | XOM: silly message
  3048 | D:3      | Found a snail-covered altar of Cheibriados.
  3116 | D:3      | Reached skill level 7 in Short Blades
  3396 | D:3      | XOM: god gift: amulet of regeneration
  3447 | D:3      | Found a broken altar of Ashenzari.
  3451 | D:3      | Saw a vision of the Swamp and the Spider Nest.
  3451 | D:3      | Noticed a goliath frog
  3451 | D:3      | Noticed a hornet
  3451 | D:3      | Noticed a vampire mosquito
  3451 | D:3      | Noticed a vampire mosquito
  3451 | D:3      | Noticed a vampire mosquito
  3451 | D:3      | Noticed a vampire mosquito
  3451 | D:3      | Noticed an alligator
  3451 | D:3      | Noticed a redback
  3451 | D:3      | Noticed a redback
  3451 | D:3      | Noticed an alligator
  3451 | D:3      | Noticed a hornet
  3451 | D:3      | Noticed a redback
  3452 | D:3      | Noticed a redback
  3452 | D:3      | Noticed a vampire mosquito
  3452 | D:3      | Noticed a vampire mosquito
  3453 | D:3      | Noticed a vampire mosquito
  3453 | D:3      | Noticed a redback
  3453 | D:3      | Noticed a redback
  3453 | D:3      | Noticed a will-o-the-wisp
  3454 | D:3      | Noticed a wolf spider
  3592 | D:3      | XOM: scenery: create altars
  3778 | D:4      | XOM: smoke on damage
  3793 | D:4      | Mangled by a gnoll

Illustrated notes

Levels and vault maps discovered:
D:1:      psy_arrival_statuary, layout_basic
D:2:      layout_basic, basic_altar, shapermc_ecumenical_altar_mp_vishouse,
          chequers_serial_rivers_micro_e, uniq_sigmund, uniq_natasha,
          uniq_terence
D:3:      layout_loops_ring, grunt_ashenzari_visionary
          [grunt_ashenzari_visionary_swamp, grunt_ashenzari_visionary_spider],
          slow_altar_2, minmay_ruptured
D:4:      layout_basic, kennysheep_little_box, uniq_duvessa

Skill      XL: |  1  2  3  4  5  6 |
---------------+-------------------+-----
Stealth        | 1 2 4 5 6 |  6.2
Short Blades   | 4 5 6 7 |  7.2
Fighting       | |  2.6
Armour         | |  0.7
Dodging        | |  2.1

Action                   |  1- 3 |  4- 6 || total
-------------------------+-------+-------++-------
Melee: Short sword       |    59 |   108 ||   167
       Bite              |     5 |    12 ||    17
Throw: Boomerang         |     1 |       ||     1
       Dart              |       |     2 ||     2
 Abil: Exsanguinate      |     1 |       ||     1
 Stab: Sleeping          |     7 |    14 ||    21
       Distracted        |       |     2 ||     2
Armor: Leather armour    |    22 |    13 ||    35
Dodge: Dodged            |    35 |    39 ||    74

Table legend: (Time is in decaauts)
 A = Elapsed time spent in this place.
 B = Non-inter-level travel time spent in this place.
 C = Inter-level travel time spent in this place.
 D = Time resting spent in this place.
 E = Time spent auto-exploring this place.
 F = Levels seen in this place.
 G = Mean time per level.
                   A        B        C        D        E       F      G
               +--------+--------+--------+--------+--------+-----+--------+
         Total |   3761 |   3536 |    225 |      0 |   3014 |   4 |  940.2 |
       Dungeon |   3761 |   3536 |    225 |      0 |   3014 |   4 |  940.2 |
               +--------+--------+--------+--------+--------+-----+--------+

Top non-repeatable levels by time:
     D:2: 1681 daAuts
     D:1: 1008 daAuts
     D:3: 999 daAuts
     D:4: 72 daAuts
